TOP OF THE 1ST |
Hudson Valley Renegades batting - Pitching for Idaho Falls Chukars : RHP Kevin Allen
|
Pitching: RHP Kevin Allen
|
|
Batting: SHB Josif Popovski
|
0-0: Swinging Strike 0-1: Ball 1-1: Foul Ball, location: 2F 1-2: Foul Ball, location: 2F 1-2: Foul Ball, location: 2F 1-2: Ball 2-2: Ground out U3 (Groundball, 3, EV 89.4 MPH)
|
Batting: RHB Jesse Haddad
|
0-0: Ground out U3 (Groundball, 3S, EV 73.1 MPH)
|
Batting: LHB Mark Marvin
|
0-0: Called Strike 0-1: SINGLE (Line Drive, 89M, EV 93.8 MPH)
|
Batting: SHB Suljo Dokic
|
0-0: Called Strike Mark Marvin steals 2nd base 0-1: Foul Ball, location: 2F 0-2: Ground out U3 (Groundball, 34, EV 86.9 MPH)
|
Top of the 1st over - 0 runs, 1 hit, 0 errors, 1 left on base; Hudson Valley 0 - Idaho Falls 0 |
BOTTOM OF THE 1ST |
Idaho Falls Chukars batting - Pitching for Hudson Valley Renegades : RHP Dave Navarro
|
Pitching: RHP Dave Navarro
|
|
Batting: LHB John Wagner
|
0-0: Foul Ball, location: 2F 0-1: Ball 1-1: Swinging Strike 1-2: Fly out, F7 (Flyball, 78XD, EV 103.1 MPH)
|
Batting: RHB Chad Sullivan
|
0-0: Ball 1-0: Fly out, F8 (Flyball, 8LS, EV 90.0 MPH)
|
Batting: RHB Edite Leoni
|
0-0: Ball 1-0: Foul Ball, location: 2F 1-1: Fly out, F9 (Flyball, 9D, EV 98.1 MPH)
|
Bottom of the 1st over - 0 runs, 0 hits, 0 errors, 0 left on base; Hudson Valley 0 - Idaho Falls 0 |
TOP OF THE 2ND |
Hudson Valley Renegades batting - Pitching for Idaho Falls Chukars : RHP Kevin Allen
|
Batting: RHB Mark Richert
|
0-0: Swinging Strike 0-1: Foul Ball, location: 2F 0-2: Ball 1-2: Ball 2-2: Ground out 6-3 (Groundball, 6, EV 90.6 MPH)
|
Batting: RHB Khalil Walker
|
0-0: Ball 1-0: Called Strike 1-1: Ball 2-1: Swinging Strike 2-2: Ball 3-2: Foul Ball, location: 2F 3-2: Foul Ball, location: 2F 3-2: Foul Ball, location: 2F 3-2: Strikes out swinging
|
Batting: RHB Chris Glavin
|
0-0: Ball 1-0: Ball 2-0: Foul Ball, location: 2F 2-1: Ball 3-1: Called Strike 3-2: Base on Balls
|
Batting: RHB Jesus Baires
|
0-0: Ball 1-0: Called Strike Chris Glavin steals 2nd base 1-1: Foul Ball, location: 2F 1-2: Ball 2-2: Ball 3-2: Foul Ball, location: 2F 3-2: Base on Balls
|
Batting: RHB Jose Bengochea
|
0-0: Swinging Strike 0-1: Ball 1-1: Foul Ball, location: 2F 1-2: Ball 2-2: SINGLE (Groundball, 34D, EV 96.2 MPH) Chris Glavin to third Jesus Baires to second Throwing error, E9 Chris Glavin scores Jesus Baires to third Jose Bengochea to second
|
Batting: SHB Josif Popovski
|
0-0: Called Strike 0-1: SINGLE (Groundball, 6D, EV 100.6 MPH) Jesus Baires scores Jose Bengochea to third
|
Batting: RHB Jesse Haddad
|
0-0: Ball 1-0: Foul Ball, location: 2F 1-1: Ball 2-1: SINGLE (Groundball, 56S, EV 65.0 MPH) (infield hit) Jose Bengochea scores Josif Popovski to second
|
Batting: LHB Mark Marvin
|
0-0: Ball 1-0: Ball 2-0: Called Strike 2-1: Ball 3-1: Base on Balls Josif Popovski to third Jesse Haddad to second
|
Batting: SHB Suljo Dokic
|
0-0: Ball 1-0: DOUBLE (Flyball, 8RXD, EV 98.1 MPH) Josif Popovski scores Jesse Haddad scores Mark Marvin to third Runner from 3rd tries for Home, SAFE, throw by CF to home
|
Batting: RHB Mark Richert
|
0-0: Ball 1-0: SINGLE (Groundball, 34D, EV 94.4 MPH) Suljo Dokic to third
|
Batting: RHB Khalil Walker
|
0-0: Ball 1-0: Ball 2-0: Called Strike 2-1: SINGLE (Line Drive, 8RS, EV 101.2 MPH) Suljo Dokic scores Mark Richert to second
|
Pitching: RHP Edwin Ramos
|
|
Batting: RHB Chris Glavin
|
Balk! Mark Richert to third Khalil Walker to second 0-0: Ball Wild Pitch! Mark Richert scores Khalil Walker to third 1-0: Ball 2-0: Ball 3-0: Called Strike Balk! Khalil Walker scores 3-1: Foul Ball, location: 2F 3-2: Foul Ball, location: 2F 3-2: Fly out, F4 (Flyball, 4D, EV 83.1 MPH)
|
Top of the 2nd over - 9 runs, 6 hits, 1 error, 0 left on base; Hudson Valley 9 - Idaho Falls 0 |
BOTTOM OF THE 2ND |
Idaho Falls Chukars batting - Pitching for Hudson Valley Renegades : RHP Dave Navarro
|
Batting: RHB Ken Postlethwaite
|
0-0: Ground out 6-3 (Groundball, 56D, EV 106.9 MPH)
|
Batting: RHB Nate De Jongh
|
0-0: Foul Ball, location: 2F 0-1: Called Strike 0-2: Strikes out swinging
|
Batting: RHB Ben Minge
|
0-0: Called Strike 0-1: Foul Ball, location: 2F 0-2: Ball 1-2: DOUBLE (Line Drive, 9LD, EV 111.2 MPH)
|
Batting: RHB Eric Erickson
|
0-0: Called Strike 0-1: SINGLE (Line Drive, 9S, EV 100.0 MPH) Ben Minge to third
|
Batting: RHB Eric Dyer
|
0-0: Swinging Strike 0-1: Fly out, F8 (Flyball, 8RS, EV 86.9 MPH)
|
Bottom of the 2nd over - 0 runs, 2 hits, 0 errors, 2 left on base; Hudson Valley 9 - Idaho Falls 0 |
TOP OF THE 3RD |
Hudson Valley Renegades batting - Pitching for Idaho Falls Chukars : RHP Edwin Ramos
|
Batting: RHB Jesus Baires
|
0-0: Called Strike 0-1: Ball 1-1: Ball 2-1: Ground out 6-3 (Groundball, 6, EV 103.8 MPH)
|
Batting: RHB Jose Bengochea
|
0-0: Ball 1-0: Fly out, F8 (Flyball, 8LD, EV 92.5 MPH)
|
Batting: SHB Josif Popovski
|
0-0: Called Strike 0-1: Ball 1-1: Ball 2-1: Foul Ball, location: 2F 2-2: Fly out, F8 (Flyball, 8RD, EV 81.9 MPH)
|
Top of the 3rd over - 0 runs, 0 hits, 0 errors, 0 left on base; Hudson Valley 9 - Idaho Falls 0 |
BOTTOM OF THE 3RD |
Idaho Falls Chukars batting - Pitching for Hudson Valley Renegades : RHP Dave Navarro
|
Batting: RHB Timotheus Cooper
|
0-0: Called Strike 0-1: Called Strike 0-2: Ball 1-2: Ball 2-2: Foul Ball, location: 2F 2-2: Strikes out swinging
|
Batting: LHB John Wagner
|
0-0: Called Strike 0-1: Foul Ball, location: 2F 0-2: Ball 1-2: SINGLE (Groundball, 4MD, EV 98.8 MPH)
|
Batting: RHB Chad Sullivan
|
0-0: Ball 1-0: Ball 2-0: Fly out, F9 (Flyball, 9, EV 81.2 MPH)
|
Batting: RHB Edite Leoni
|
0-0: Ball 1-0: Ball 2-0: Fielders Choice at 2nd, 6-4 (Groundball, 6, EV 85.0 MPH)
|
Bottom of the 3rd over - 0 runs, 1 hit, 0 errors, 1 left on base; Hudson Valley 9 - Idaho Falls 0 |
TOP OF THE 4TH |
Hudson Valley Renegades batting - Pitching for Idaho Falls Chukars : RHP Edwin Ramos
|
Batting: RHB Jesse Haddad
|
0-0: Called Strike 0-1: Ball 1-1: Foul Ball, location: 2F 1-2: Ball 2-2: Ball 3-2: SINGLE (Line Drive, 78S, EV 106.2 MPH)
|
Batting: LHB Mark Marvin
|
0-0: Ball 1-0: Called Strike 1-1: Ball 2-1: DOUBLE (Line Drive, 9LS, EV 101.2 MPH) Jesse Haddad to third Runner from 3rd tries for Home, SAFE, throw by RF to home
|
Batting: SHB Suljo Dokic
|
0-0: Fly out, F4 (Popup, 4M, EV 66.9 MPH)
|
Batting: RHB Mark Richert
|
0-0: Swinging Strike 0-1: Ball 1-1: SINGLE (Groundball, 4MD, EV 106.2 MPH) Mark Marvin to third
|
Batting: RHB Khalil Walker
|
0-0: Ball 1-0: Grounds into double play, 6-4-3 (Groundball, 6, EV 80.0 MPH)
|
Top of the 4th over - 1 run, 3 hits, 0 errors, 1 left on base; Hudson Valley 10 - Idaho Falls 0 |
BOTTOM OF THE 4TH |
Idaho Falls Chukars batting - Pitching for Hudson Valley Renegades : RHP Dave Navarro
|
Batting: RHB Ken Postlethwaite
|
0-0: Foul Ball, location: 2F 0-1: Ball 1-1: Called Strike 1-2: Strikes out swinging
|
Batting: RHB Nate De Jongh
|
0-0: Ball 1-0: Foul Ball, location: 2F 1-1: Called Strike 1-2: DOUBLE (Line Drive, 9LM, EV 103.1 MPH)
|
Batting: RHB Ben Minge
|
0-0: Called Strike 0-1: Ball 1-1: Ball 2-1: Foul Ball, location: 2F 2-2: Strikes out swinging
|
Batting: RHB Eric Erickson
|
0-0: Swinging Strike 0-1: Ball 1-1: Foul Ball, location: 2F 1-2: Ball 2-2: Strikes out looking
|
Bottom of the 4th over - 0 runs, 1 hit, 0 errors, 1 left on base; Hudson Valley 10 - Idaho Falls 0 |
TOP OF THE 5TH |
Hudson Valley Renegades batting - Pitching for Idaho Falls Chukars : RHP Edwin Ramos
|
Batting: RHB Chris Glavin
|
0-0: Ball 1-0: Reached on error, E6 (Groundball, 6, EV 103.1 MPH)
|
Batting: RHB Jesus Baires
|
0-0: Ball 1-0: Foul Ball, location: 2F 1-1: Swinging Strike 1-2: Ball 2-2: Ball 3-2: Foul Ball, location: 2F 3-2: Base on Balls Chris Glavin to second
|
Batting: RHB Jose Bengochea
|
0-0: Called Strike 0-1: Ball 1-1: Ball Wild Pitch! Chris Glavin to third Jesus Baires to second 2-1: Foul Ball, location: 2F 2-2: Foul Ball, location: 2F 2-2: Hit by Pitch
|
Pitching: RHP Joe Cozart
|
|
Batting: SHB Josif Popovski
|
0-0: Ground out 5-3 (Groundball, 56S, EV 68.1 MPH) Chris Glavin scores Jesus Baires to third Jose Bengochea to second
|
Batting: RHB Jesse Haddad
|
0-0: Foul Ball, location: 2F 0-1: Swinging Strike Balk! Jesus Baires scores Jose Bengochea to third 0-2: Ground out 5-3 (Groundball, 56, EV 105.0 MPH) Jose Bengochea scores
|
Batting: LHB Mark Marvin
|
0-0: Ball 1-0: Called Strike 1-1: Foul Ball, location: 2F 1-2: Foul Ball, location: 2F 1-2: Fly out, F8 (Flyball, 8LXD, EV 79.4 MPH)
|
Top of the 5th over - 3 runs, 0 hits, 1 error, 0 left on base; Hudson Valley 13 - Idaho Falls 0 |
BOTTOM OF THE 5TH |
Idaho Falls Chukars batting - Pitching for Hudson Valley Renegades : RHP Dave Navarro
|
Batting: RHB Eric Dyer
|
0-0: Ball 1-0: Ball 2-0: Called Strike 2-1: Ball 3-1: Fly out, F8 (Flyball, 8LS, EV 82.5 MPH)
|
Batting: RHB Timotheus Cooper
|
0-0: Called Strike 0-1: Swinging Strike 0-2: SINGLE (Flyball, 8RS, EV 93.1 MPH)
|
Batting: LHB John Wagner
|
0-0: Ball 1-0: Ball 2-0: Foul Ball, location: 2F 2-1: Foul Ball, location: 2F 2-2: Ball 3-2: Grounds into double play, 4-6-3 (Groundball, 4, EV 90.0 MPH)
|
Bottom of the 5th over - 0 runs, 1 hit, 0 errors, 0 left on base; Hudson Valley 13 - Idaho Falls 0 |
TOP OF THE 6TH |
Hudson Valley Renegades batting - Pitching for Idaho Falls Chukars : RHP Joe Cozart
|
Batting: SHB Suljo Dokic
|
0-0: SINGLE (Groundball, 34, EV 96.2 MPH)
|
Batting: RHB Mark Richert
|
0-0: Called Strike 0-1: Ball 1-1: Ball 2-1: Foul Ball, location: 2F 2-2: Ball Wild Pitch! Suljo Dokic to second 3-2: Base on Balls
|
Batting: RHB Khalil Walker
|
0-0: Ball 1-0: SINGLE (Flyball, 4D, EV 81.9 MPH) Suljo Dokic to third Mark Richert to second
|
Batting: RHB Chris Glavin
|
0-0: Ball 1-0: Grounds into fielders choice 1-2 (Groundball, P, EV 70.0 MPH) Mark Richert to third Khalil Walker to second
|
Batting: RHB Jesus Baires
|
0-0: Ball Wild Pitch! Mark Richert scores Khalil Walker to third Chris Glavin to second 1-0: Ball 2-0: Foul Ball, location: 2F 2-1: DOUBLE (Groundball, 5L, EV 105.6 MPH) Khalil Walker scores Chris Glavin scores
|
Batting: RHB Jose Bengochea
|
0-0: Ball Wild Pitch! Jesus Baires to third 1-0: Ball 2-0: Foul Ball, location: 2F 2-1: Ball 3-1: Ground out 6-3 (Groundball, P, EV 88.1 MPH) Jesus Baires scores
|
Batting: SHB Josif Popovski
|
0-0: Ball 1-0: Called Strike 1-1: Ball 2-1: Swinging Strike 2-2: Ball 3-2: Base on Balls
|
Batting: RHB Jesse Haddad
|
0-0: Ground out U3 (Groundball, 3L, EV 101.9 MPH)
|
Top of the 6th over - 4 runs, 3 hits, 0 errors, 1 left on base; Hudson Valley 17 - Idaho Falls 0 |
BOTTOM OF THE 6TH |
Idaho Falls Chukars batting - Pitching for Hudson Valley Renegades : RHP Dave Navarro
|
Batting: RHB Chad Sullivan
|
0-0: Ball 1-0: SINGLE (Flyball, 8LS, EV 91.2 MPH)
|
Batting: RHB Edite Leoni
|
0-0: Ball Chad Sullivan steals 2nd, throwing error, E2 Chad Sullivan to third 1-0: Called Strike 1-1: Ground out 6-3 (Groundball, 6, EV 92.5 MPH) Chad Sullivan scores
|
Batting: RHB Ken Postlethwaite
|
0-0: Ball 1-0: Called Strike 1-1: Fly out, F9 (Flyball, 9D, EV 108.8 MPH)
|
Batting: RHB Nate De Jongh
|
0-0: Ball 1-0: Called Strike 1-1: Ball 2-1: Foul Ball, location: 2F 2-2: Fly out, F7 (Flyball, 7LM, EV 91.9 MPH)
|
Bottom of the 6th over - 1 run, 1 hit, 1 error, 0 left on base; Hudson Valley 17 - Idaho Falls 1 |
TOP OF THE 7TH |
Hudson Valley Renegades batting - Pitching for Idaho Falls Chukars : RHP Joe Cozart
|
Batting: LHB Mark Marvin
|
0-0: Fly out, F9 (Flyball, 89S, EV 77.5 MPH)
|
Batting: RHB Orlando Herrera
|
0-0: Called Strike 0-1: Swinging Strike 0-2: Ball 1-2: Ball 2-2: Foul Ball, location: 2F 2-2: Ground out 6-3 (Groundball, 6, EV 88.8 MPH)
|
Batting: RHB Mark Richert
|
0-0: Swinging Strike 0-1: Ball 1-1: Ball 2-1: Ball 3-1: Ground out 5-3 (Groundball, 56S, EV 82.5 MPH)
|
Top of the 7th over - 0 runs, 0 hits, 0 errors, 0 left on base; Hudson Valley 17 - Idaho Falls 1 |
BOTTOM OF THE 7TH |
Idaho Falls Chukars batting - Pitching for Hudson Valley Renegades : RHP Dave Navarro
|
Batting: RHB Ben Minge
|
0-0: Ball 1-0: Ball 2-0: Swinging Strike 2-1: Foul Ball, location: 2F 2-2: Ball 3-2: Base on Balls
|
Pinch Hitting: LHB Randy Stapleton
|
0-0: Swinging Strike Passed Ball! Ben Minge to second 0-1: Ball 1-1: Foul Ball, location: 2F 1-2: Ball 2-2: Strikes out looking
|
Pitching: LHP Richie van Wijngaarden
|
|
Batting: RHB Eric Dyer
|
0-0: Foul Ball, location: 2F 0-1: Foul Ball, location: 2F 0-2: Ground out 1-3 (Groundball, 13, EV 71.2 MPH) Ben Minge to third
|
Batting: RHB Timotheus Cooper
|
0-0: Ground out 4-3 (Groundball, 4D, EV 87.5 MPH)
|
Bottom of the 7th over - 0 runs, 0 hits, 0 errors, 1 left on base; Hudson Valley 17 - Idaho Falls 1 |
TOP OF THE 8TH |
Hudson Valley Renegades batting - Pitching for Idaho Falls Chukars : RHP Joe Cozart
|
Pitching: RHP Jeremy Haun
|
|
Now in LF: Randy Stapleton
|
|
Now in CF: John Wagner
|
|
Batting: RHB Khalil Walker
|
0-0: Swinging Strike 0-1: Ball 1-1: Swinging Strike 1-2: Strikes out swinging
|
Batting: RHB Chris Glavin
|
0-0: Ball 1-0: Foul Ball, location: 2F 1-1: Foul Ball, location: 2F 1-2: Foul Ball, location: 2F 1-2: SINGLE (Line Drive, 6D, EV 95.6 MPH)
|
Batting: RHB Jesus Baires
|
0-0: SINGLE (Line Drive, 34, EV 100.6 MPH) Chris Glavin to second
|
Batting: RHB Jose Bengochea
|
0-0: Called Strike 0-1: Called Strike 0-2: Ball 1-2: Strikes out looking
|
Batting: SHB Josif Popovski
|
0-0: Foul Ball, location: 2F 0-1: Reached on error, E4 (Groundball, 4, EV 82.5 MPH) Chris Glavin to third Jesus Baires to second
|
Batting: RHB Jesse Haddad
|
0-0: Ball Wild Pitch! Chris Glavin scores Jesus Baires to third Josif Popovski to second 1-0: Ball 2-0: Ball 3-0: Base on Balls
|
Pinch Hitting: SHB Tirta Subandrio
|
0-0: Ball 1-0: DOUBLE (Line Drive, 89D, EV 108.8 MPH) Jesus Baires scores Josif Popovski scores Jesse Haddad to third
|
Batting: RHB Orlando Herrera
|
0-0: Swinging Strike 0-1: Ball 1-1: Swinging Strike 1-2: Ground out 6-3 (Groundball, 6, EV 101.9 MPH)
|
Top of the 8th over - 3 runs, 3 hits, 1 error, 2 left on base; Hudson Valley 20 - Idaho Falls 1 |
BOTTOM OF THE 8TH |
Idaho Falls Chukars batting - Pitching for Hudson Valley Renegades : LHP Richie van Wijngaarden
|
Now at 3B: Khalil Walker
|
|
Now at SS: Tirta Subandrio
|
|
Batting: LHB John Wagner
|
0-0: Ball 1-0: Ball 2-0: Called Strike 2-1: Called Strike 2-2: Foul Ball, location: 2F 2-2: Ball 3-2: Base on Balls
|
Batting: RHB Chad Sullivan
|
0-0: Foul Ball, location: 2F 0-1: Swinging Strike 0-2: Ball 1-2: Foul Ball, location: 2F 1-2: Ball 2-2: Foul Ball, location: 2F 2-2: Strikes out swinging
|
Batting: RHB Edite Leoni
|
0-0: SINGLE (Groundball, 6MD, EV 115.0 MPH) John Wagner to second
|
Batting: RHB Ken Postlethwaite
|
0-0: Called Strike 0-1: SINGLE (Groundball, 6MD, EV 98.8 MPH) John Wagner to third Edite Leoni to second Runner from 3rd tries for Home, SAFE, throw by CF to home
|
Batting: RHB Nate De Jongh
|
0-0: Swinging Strike 0-1: Foul Ball, location: 2F 0-2: Strikes out swinging
|
Batting: RHB Ben Minge
|
0-0: Foul Ball, location: 2F 0-1: Ball 1-1: Fly out, F7 (Line Drive, 7, EV 109.4 MPH)
|
Bottom of the 8th over - 1 run, 2 hits, 0 errors, 2 left on base; Hudson Valley 20 - Idaho Falls 2 |
TOP OF THE 9TH |
Hudson Valley Renegades batting - Pitching for Idaho Falls Chukars : RHP Jeremy Haun
|
Batting: RHB Mark Richert
|
0-0: Swinging Strike 0-1: SINGLE (Groundball, 5S, EV 70.6 MPH) (infield hit)
|
Batting: RHB Khalil Walker
|
0-0: Ball 1-0: Ball Balk! Mark Richert to second 2-0: Ball 3-0: Base on Balls
|
Batting: RHB Chris Glavin
|
0-0: Ball 1-0: Swinging Strike 1-1: DOUBLE (Line Drive, 7LM, EV 100.6 MPH) Mark Richert scores Khalil Walker to third Runner from 3rd tries for Home, SAFE, no throw by LF
|
Batting: RHB Jesus Baires
|
0-0: Foul Ball, location: 2F 0-1: Foul Ball, location: 2F 0-2: Foul Ball, location: 2F 0-2: Ball 1-2: Ball 2-2: Hit by Pitch
|
Batting: RHB Jose Bengochea
|
0-0: Ball 1-0: Foul Ball, location: 2F 1-1: Ball 2-1: DOUBLE (Flyball, 78XD, EV 110.0 MPH) Chris Glavin scores Jesus Baires to third
|
Batting: SHB Josif Popovski
|
0-0: Called Strike Balk! Jesus Baires scores Jose Bengochea to third 0-1: SINGLE (Groundball, 6M, EV 101.2 MPH) (infield hit) Jose Bengochea scores
|
Batting: RHB Jesse Haddad
|
0-0: Swinging Strike 0-1: SINGLE (Groundball, 34D, EV 101.2 MPH) Josif Popovski to second
|
Batting: SHB Tirta Subandrio
|
0-0: Fielders Choice at 2nd, 6-4 (Groundball, 6M, EV 85.6 MPH) Josif Popovski to third
|
Batting: RHB Orlando Herrera
|
0-0: SINGLE (Groundball, 56D, EV 101.2 MPH) (infield hit) Josif Popovski scores Tirta Subandrio to second
|
Batting: RHB Mark Richert
|
0-0: Foul Ball, location: 2F 0-1: Foul Ball, location: 2F 0-2: Foul Ball, location: 2F 0-2: Ball 1-2: Ball 2-2: Ball 3-2: Base on Balls Tirta Subandrio to third Orlando Herrera to second
|
Batting: RHB Khalil Walker
|
0-0: Grounds into double play, 6-4-3 (Groundball, 6, EV 98.1 MPH)
|
Top of the 9th over - 6 runs, 6 hits, 0 errors, 2 left on base; Hudson Valley 26 - Idaho Falls 2 |
BOTTOM OF THE 9TH |
Idaho Falls Chukars batting - Pitching for Hudson Valley Renegades : LHP Richie van Wijngaarden
|
Batting: LHB Randy Stapleton
|
0-0: Called Strike 0-1: Foul Ball, location: 2F 0-2: Strikes out swinging
|
Batting: RHB Eric Dyer
|
0-0: SINGLE (Line Drive, 78M, EV 93.8 MPH)
|
Batting: RHB Timotheus Cooper
|
0-0: Ball 1-0: Foul Ball, location: 2F 1-1: Foul Ball, location: 2F 1-2: Strikes out swinging
|
Batting: LHB John Wagner
|
0-0: Foul Ball, location: 2F 0-1: Ball 1-1: Ball 2-1: Ball 3-1: Swinging Strike 3-2: Base on Balls Eric Dyer to second
|
Batting: RHB Chad Sullivan
|
0-0: Swinging Strike 0-1: Ball 1-1: Ball 2-1: Swinging Strike 2-2: Strikes out swinging
|
Bottom of the 9th over - 0 runs, 1 hit, 0 errors, 2 left on base; Hudson Valley 26 - Idaho Falls 2 |
|